AoeStats
← bobozius

Black Forest

510367898Analyzed
4v4 RM · 14h ago on Sep 30, 2026· 37m 57s· 8 players
Game mode
Random Map
Map size
Large (8 player)
Population
200
Speed
Normal
Resources
Standard
Victory
Conquest
Starting age
Dark Age
Ending age
Imperial Age
RankedLock teamsTeams togetherTeam positionsShared explorationLock speedFull tech treeHidden civsTurbo modeCheats
Victory
Defeat
🇨🇿 Goths · Czechia
760
+13
🇨🇿 Aztecs · Czechia
700
+15
🇨🇿 Franks · Czechia
673
+17
🇨🇿 Teutons · Czechia
628
+17
🇨🇳 Chinese · China
741
-18
🇩🇪 Vietnamese · Germany
702
-16
🇷🇺 Lithuanians · Russia
651
-14
🇳🇴 Poles · Norway
651
-14
Majkl
0:47 Loom
12:15 Feudal Age
12:49 Double-Bit Axe
12:46 Horse Collar
16:28 Arson
17:03 Man-at-Arms
28:04 Castle Age
28:18 Long Swordsman
30:56 Gambesons
33:29 Bow Saw
33:24 Squires
34:11 Heavy Plow
37:41 Pikeman
Sysel
10:44 Feudal Age
14:16 Double-Bit Axe
21:34 Castle Age
21:53 Light Cavalry
27:56 Scale Barding Armor
Obe
9:41 Feudal Age
10:22 Double-Bit Axe
18:22 Castle Age
20:38 Bow Saw
23:30 Wheelbarrow
22:52 Gold Mining
26:14 Hand Cart
25:32 Man-at-Arms
26:52 Long Swordsman
30:12 Forging
29:52 Horse Collar
34:48 Imperial Age
35:35 Scale Mail Armor
36:15 Caravan
36:32 Elite Teutonic Knight
romy88
9:42 Feudal Age
10:27 Double-Bit Axe
10:23 Horse Collar
12:06 Man-at-Arms
15:24 Forging
17:19 Scale Mail Armor
24:38 Castle Age
24:36 Loom
25:27 Wheelbarrow
25:45 Bow Saw
24:57 Long Swordsman
25:38 Squires
25:42 Heavy Plow
25:35 Gold Mining
25:38 Stone Mining
26:36 Iron Casting
30:40 Caravan
34:43 Imperial Age
33:04 Anarchy
34:13 Chain Mail Armor
34:24 Treadmill Crane
34:56 Two-Handed Swordsman
36:50 Blast Furnace
36:51 Perfusion
37:12 Conscription
36:52 Champion
bobozius
13:03 Feudal Age
13:35 Double-Bit Axe
14:50 Wheelbarrow
19:33 Castle Age
19:40 Horse Collar
20:17 Heavy Plow
20:30 Bow Saw
20:33 Stone Mining
21:25 Gold Mining
23:59 Hand Cart
27:34 Thumb Ring
27:26 Fletching
27:37 Padded Archer Armor
27:35 Elite Skirmisher
27:35 Crossbowman
28:13 Bodkin Arrow
31:46 Man-at-Arms
33:25 Town Watch
33:51 Long Swordsman
37:56 Imperial Age
37:32 Town Patrol
863111034
9:48 Loom
13:29 Feudal Age
14:31 Double-Bit Axe
29:03 Stone Mining
33:39 Castle Age
34:15 Elite Skirmisher
37:21 Bow Saw
VET
12:37 Feudal Age
13:58 Wheelbarrow
13:14 Double-Bit Axe
13:22 Gold Mining
13:23 Stone Mining
14:11 Horse Collar
14:14 Fishing Lines
22:42 Fletching
25:35 Castle Age
25:24 Padded Archer Armor
26:28 Bow Saw
26:35 Hand Cart
26:12 Gillnets
26:28 Heavy Plow
27:30 Bodkin Arrow
30:55 Forging
32:21 Hill Forts
37:35 Iron Casting
36:54 Town Watch
40:56 Imperial Age
Anette2k
11:09 Feudal Age
18:42 Castle Age
20:34 Crossbowman
25:29 Murder Holes
29:46 Imperial Age
32:18 Ballistics
34:07 Arbalester
Connection lost

Rejoining the realm…

Still unreachable

The connection could not be restored.

Session expired

The server has moved on; the page needs a fresh start.